 Dungeon Sprint DCSS version 0.27.1 (webtiles) character file.

Game seed: 13222917349650295773

238 styxcanada the Covert (level 5, 0/28 HPs)
             Began as a Spriggan Brigand on Aug 22, 2021.
             Was an Initiate of Gozag.
             Slain by a spriggan (13 damage)
             ... in the Dungeon (Sprint IV: "Fedhas' Mad Dash").
             The game lasted 00:01:20 (140 turns).

styxcanada the Covert (Spriggan Brigand)             Turns: 140, Time: 00:01:21

Health: 0/28       AC:  3    Str:  7    XL:     5   Next: 78%
Magic:  4/6        EV: 19    Int: 13    God:    Gozag
Gold:   199        SH:  0    Dex: 17    Spells: 4/4 levels left

rFire    . . .     SeeInvis +   a - +2 dagger
rCold    . . .     Faith    .   (shield restricted)
rNeg     . . .     Spirit   .   b - +0 robe
rPois    .         Reflect  .   (helmet restricted)
rElec    .         Harm     .   c - +0 cloak
rCorr    .         Rampage  .   (gloves unavailable)
Will     .....     NoTele   +   (boots unavailable)
Stlth    ++++++....             m - amulet of invisibility {+Inv}
HPRegen  0.09/turn              (no ring)
MPRegen  0.10/turn              (no ring)

@: gold aura, very slightly contaminated, invisible, very quick
A: very small, no large weapons, unfitting armour, see invisible, speed 3
a: Renounce Religion, Evoke Invisibility, Potion Petition, Call Merchant, Bribe
Branch


You were in the Dungeon.
You worshipped Gozag.
Gozag was aware of your devotion.
You visited 1 branch You collected 199 gold pieces.

Inventory:

Hand Weapons
 a - a +2 dagger (weapon)
Missiles
 d - 8 poisoned darts (quivered)
 e - 2 curare-tipped darts
Armour
 b - a +0 robe (worn)
 c - a +0 cloak (worn)
Jewellery
 m - the amulet of invisibility (around neck) {+Inv}
   (You found it in the Dungeon)

   [amulet of nothing]

   +Inv:      It lets you turn invisible.
Scrolls
 k - a scroll of blinking
Potions
 f - a potion of curing
 g - 2 potions of heal wounds
 h - a potion of haste
 i - 2 potions of magic
 j - a potion of berserk rage
 l - a potion of invisibility {unknown}


   Skills:
 * Level 3.6 Fighting
 + Level 3.2 Short Blades
 + Level 3.4 Throwing
 * Level 5.3 Dodging
 * Level 14.9 Stealth
 * Level 3.2 Evocations


You had 4 spell levels left.
You didn't know any spells.
Your spell library was empty.

Dungeon Overview and Level Annotations

Branches:
Dungeon (1/1)

Altars:
Cheibriados
Dithmenos
Elyvilon
Gozag
Hepliaklqana
Kikubaaqudgha
Makhleb
Nemelex Xobeh
Okawaru
Qazlal
Ru
Sif Muna
Trog
Uskayaw
Vehumet
Wu Jian
Xom
Yredelemnul
Zin
The Shining One
Beogh
Jiyva
Lugonu


Innate Abilities, Weirdness & Mutations

You are very small and have problems with some larger weapons.
You are too small for most types of armour.
You have supernaturally acute eyesight. (SInv)
You cover ground extremely quickly. (Speed+++)


Message History

You flicker for a moment.
You start resting.
You flicker back into view.
You start resting.
Magic restored.
You start waiting.
Your magical contamination has completely faded away.
You fail to use your ability.
You fade into invisibility!
You are very lightly contaminated with residual magic.
You open the door.
An oklob sapling wizard comes into view.
Marking area around an oklob sapling as unsafe for travelling.
Found 8 gold pieces and a chain mail.
There is an open door here.
The helpless oklob sapling wizard fails to defend itself.
You stick the oklob sapling wizard like a pincushion!!!
You destroy the oklob sapling wizard!
Your Stealth skill increases to level 14!
Your Evocations skill increases to level 2!
You now have 199 gold pieces (gained 54).
You open the door. 2 spriggans come into view.
Found 15 gold pieces.
A scorpion comes into view.
Found 12 gold pieces.
There is an open door here.
The spriggan shouts! x2
You see here 15 gold pieces.
You strike the helpless scorpion from behind!
You impale the scorpion!!
You kill the scorpion!
The spriggan hits you with a +0 rapier!
Ouch! That really hurt!
Your Dodging skill increases to level 5!
Your Evocations skill increases to level 3!
The spriggan is distracted by your dazzling golden aura.
The spriggan hits you with a +0 rapier!
You die...
Your body crumbles into a pile of gold.

#####################
.⌠._._._._.⌠.#.$@i$.#
.._._._._._..'..#i.$#
..._._._._...#..###+#
$ $$
.._._._._._..#.[# $
._._._._._.⌠.####
##############


You could see 2 spriggans.

Vanquished Creatures
  2 scorpions (D)
  3 oklob saplings (D)
  A river rat (D)
  A rat (D)
7 creatures vanquished.

Vanquished Creatures (others)
  A fungus (D)
1 creature vanquished.

Grand Total: 8 creatures vanquished

Notes
Turn   | Place    | Note
-------+----------+-------------------------------------------
     0 | D        | styxcanada the Spriggan Brigand began the quest for the
                  | Orb.
     0 | D        | Reached XP level 1. HP: 10/10 MP: 2/2
    13 | D        | Reached skill level 6 in Stealth
    14 | D        | Reached skill level 8 in Stealth
    14 | D        | Reached XP level 2. HP: 15/15 MP: 3/3
    33 | D        | Noticed an oklob sapling
    35 | D        | Killed an oklob sapling
    36 | D        | Reached skill level 9 in Stealth
    36 | D        | Reached XP level 3. HP: 19/19 MP: 4/4
    37 | D        | Noticed a scorpion
    37 | D        | Found the amulet of invisibility {+Inv}
    39 | D        | Killed a scorpion
    40 | D        | Reached skill level 12 in Stealth
    40 | D        | Reached XP level 4. HP: 23/23 MP: 5/5
    61 | D        | Found an opulent altar of Gozag.
    61 | D        | Found a hazy altar of Hepliaklqana.
    61 | D        | Found a burning altar of Makhleb.
    61 | D        | Found a sparkling altar of Nemelex Xobeh.
    61 | D        | Found a snail-covered altar of Cheibriados.
    61 | D        | Found a sacrificial altar of Ru.
    61 | D        | Found a shimmering blue altar of Sif Muna.
    61 | D        | Found a shimmering altar of Xom.
    61 | D        | Found a basalt altar of Yredelemnul.
    62 | D        | Found a viscous altar of Jiyva.
    62 | D        | Found a bloodstained altar of Trog.
    62 | D        | Found an ornate altar of the Wu Jian Council.
    63 | D        | Found an iron altar of Okawaru.
    63 | D        | Found a shadowy altar of Dithmenos.
    63 | D        | Found a glowing silver altar of Zin.
    64 | D        | Found an ancient bone altar of Kikubaaqudgha.
    64 | D        | Found a hide-covered altar of Uskayaw.
    65 | D        | Found a stormy altar of Qazlal.
    65 | D        | Found a white marble altar of Elyvilon.
    65 | D        | Found a glowing golden altar of the Shining One.
    66 | D        | Became a worshipper of Gozag Ym Sagoz the Greedy
    67 | D        | Found a corrupted altar of Lugonu.
    67 | D        | Found a radiant altar of Vehumet.
    71 | D        | Reached skill level 13 in Stealth
    71 | D        | Reached skill level 1 in Evocations
    71 | D        | Reached XP level 5. HP: 28/28 MP: 3/6
   134 | D        | Reached skill level 14 in Stealth
   140 | D        | Reached skill level 5 in Dodging
   140 | D        | Slain by a spriggan

Illustrated notes

Levels and vault maps discovered:
D:        dungeon_sprint_fedhas [sprint_temple]

Skill      XL: |  1  2  3  4  5 |
---------------+----------------+-----
Stealth        | 8 9 12 13 14 | 14.9
Fighting       | 2 3 |  3.6
Dodging        | 2 3 4 5 |  5.3
Short Blades   | 3 |  3.2
Throwing       | 3 |  3.4
Evocations     | 1 3 |  3.2

Action                   |  1- 3 |  4- 6 || total
-------------------------+-------+-------++-------
Melee: Dagger            |     7 |     3 ||    10
Throw: Dart              |     6 |       ||     6
 Abil: Evoke Invisibilit |       |     2 ||     2
 Stab: Sleeping          |     2 |     2 ||     4
       Invisible         |       |     1 ||     1
Dodge: Dodged            |     1 |       ||     1
